[ AOE2 MATCH · #507291527 ]
UnrankedSaracens vs Georgians
[ REPLAY ANALYSIS · EXTRACTED FROM THE RECORDED GAME ]
Feudal
12:47
Castle
17:00
Imperial
30:06
| APM avg | 28.3 |
| APM peak | 73 |
| eAPM avg | 14.7 |
| Villagers / military | 169 / 416 |
Focus
⚔️ 36.4% · 🌾 63.6%
Skirmisher ×202 · Mameluke ×173 · Scout Cavalry ×30 · Trebuchet (Packed) ×10 · Monk ×1
Feudal
11:21
Castle
14:54
Imperial
29:38
| APM avg | 82.5 |
| APM peak | 163 |
| eAPM avg | 53.6 |
| Villagers / military | 187 / 282 |
Focus
⚔️ 64.1% · 🌾 35.9%
Spearman ×234 · Trade Cart ×91 · Mangonel ×23 · Trebuchet (Packed) ×16 · Militia ×5 · Monk ×4
Feudal
11:49
Castle
17:25
Imperial
32:12
| APM avg | 38.3 |
| APM peak | 81 |
| eAPM avg | 23.5 |
| Villagers / military | 151 / 225 |
Focus
⚔️ 27.0% · 🌾 73.0%
Knight ×215 · Monk ×5 · Bombard Cannon ×4 · Trade Cart ×1 · Battering Ram ×1
Feudal
11:33
Castle
15:18
Imperial
30:58
| APM avg | 18.2 |
| APM peak | 55 |
| eAPM avg | 10.3 |
| Villagers / military | 135 / 175 |
Focus
⚔️ 31.7% · 🌾 68.3%
Elephant Archer ×175 · Trade Cart ×102
Feudal
10:26
Castle
18:22
Imperial
45:15
| APM avg | 44.1 |
| APM peak | 87 |
| eAPM avg | 25.1 |
| Villagers / military | 197 / 148 |
Focus
⚔️ 28.1% · 🌾 71.9%
Knight ×111 · Camel Scout ×34 · Trade Cart ×18 · Scout Cavalry ×3
Feudal
11:57
Castle
15:44
Imperial
35:39
| APM avg | 45.6 |
| APM peak | 126 |
| eAPM avg | 21.9 |
| Villagers / military | 189 / 215 |
Focus
⚔️ 34.9% · 🌾 65.1%
Knight ×198 · Trade Cart ×18 · Trebuchet (Packed) ×17
Feudal
12:30
Castle
16:00
Imperial
34:19
| APM avg | 28.9 |
| APM peak | 90 |
| eAPM avg | 15.4 |
| Villagers / military | 204 / 296 |
Focus
⚔️ 33.7% · 🌾 66.3%
Coustillier ×291 · Trade Cart ×120 · Monk ×5
Feudal
10:45
Castle
25:05
Imperial
40:39
| APM avg | 48.5 |
| APM peak | 93 |
| eAPM avg | 15.6 |
| Villagers / military | 114 / 201 |
Focus
⚔️ 48.5% · 🌾 51.5%
Archer ×119 · Skirmisher ×52 · Scout Cavalry ×27 · Trade Cart ×4 · Spearman ×3
Match map
Initial resources + every placement click. Lines = walls · curves = elevation contours. ◆ gold · ⬟ stone · ● berries · ✦ relic · ◌ wall gap
Your base· Open — unwalled flank
VIT | Hera's base· Open — 7t gap
mR_GrincH_'s base· Open — 6t gap
EpicPlayer's base· Open — unwalled flank
Lil Bullz's base· Open — 4t gap
Mousa The GREAT's base· Open — unwalled flank
Lord Snow's base· Open — unwalled flank
Don3z's base· Open — unwalled flank
Smoothed initial terrain · ◌ = detected wall gap · hover for details
Inputs per minute
— Ali sanfur - - VIT | Hera
Build order — Ali sanfur
First 150 of 406 actions detected
| 0:03 | Queue | Villager (Male) ×4 |
| 0:05 | Build | House |
| 0:06 | Build | House |
| 1:40 | Queue | Villager (Male) |
| 1:46 | Queue | Villager (Male) |
| 2:14 | Build | Lumber Camp |
| 2:26 | Queue | Villager (Male) |
| 2:36 | Queue | Villager (Male) |
| 2:37 | Queue | Villager (Male) |
| 3:00 | Queue | Villager (Male) |
| 3:01 | Queue | Villager (Male) |
| 3:58 | Build | House |
| 4:00 | Build | House |
| 4:20 | Queue | Villager (Male) |
| 4:21 | Queue | Villager (Male) |
| 4:22 | Queue | Villager (Male) |
| 5:15 | Build | Mill |
| 5:21 | Queue | Villager (Male) |
| 5:21 | Queue | Villager (Male) |
| 5:21 | Queue | Villager (Male) |
| 5:22 | Queue | Villager (Male) |
| 6:10 | Queue | Villager (Male) |
| 6:10 | Queue | Villager (Male) |
| 6:10 | Queue | Villager (Male) |
| 6:23 | Queue | Villager (Male) |
| 6:37 | Build | Farm |
| 6:39 | Build | Farm |
| 6:57 | Queue | Villager (Male) |
| 7:31 | Queue | Villager (Male) |
| 7:43 | Queue | Villager (Male) |
| 8:14 | Queue | Villager (Male) |
| 8:18 | Build | Lumber Camp |
| 8:19 | Queue | Villager (Male) |
| 8:33 | Queue | Villager (Male) |
| 9:03 | Build | House |
| 9:26 | Queue | Villager (Male) |
| 9:57 | Build | Mining Camp |
| 10:26 | Research | Feudal Age |
| 10:54 | Build | Palisade Wall |
| 11:00 | Build | Palisade Gate |
| 11:03 | Build | Palisade Gate |
| 11:51 | Queue | Villager (Male) |
| 12:38 | Queue | Villager (Male) |
| 12:39 | Queue | Villager (Male) |
| 12:47 | Age | Feudal Age |
| 13:03 | Build | Market |
| 13:21 | Build | Blacksmith |
| 13:24 | Queue | Villager (Male) |
| 13:46 | Build | House |
| 13:47 | Build | House |
| 14:20 | Research | Castle Age |
| 15:45 | Build | House |
| 15:46 | Build | House |
| 16:15 | Build | House |
| 16:24 | Research | Horse Collar |
| 16:25 | Research | Double-Bit Axe |
| 17:00 | Age | Castle Age |
| 17:21 | Build | Town Center |
| 17:28 | Build | Town Center |
| 17:40 | Build | Town Center |
| 17:47 | Research | Bow Saw |
| 17:49 | Research | Heavy Plow |
| 18:13 | Build | Farm |
| 18:13 | Build | Farm |
| 18:13 | Build | Farm |
| 18:14 | Build | Farm |
| 18:14 | Build | Farm |
| 18:14 | Build | Farm |
| 18:14 | Build | Farm |
| 18:15 | Build | Farm |
| 18:55 | Queue | Villager (Male) |
| 18:55 | Queue | Villager (Male) |
| 18:56 | Queue | Villager (Male) |
| 18:59 | Build | Farm |
| 19:13 | Queue | Villager (Male) ×5 |
| 19:29 | Queue | Villager (Male) ×4 |
| 19:55 | Queue | Villager (Male) |
| 19:59 | Build | Farm |
| 20:01 | Build | Farm |
| 20:04 | Build | Farm |
| 20:04 | Build | Farm |
| 20:04 | Build | Farm |
| 20:05 | Build | Farm |
| 20:07 | Build | Farm |
| 20:16 | Queue | Villager (Male) ×3 |
| 20:18 | Build | Farm |
| 20:32 | Queue | Villager (Male) |
| 20:35 | Build | Farm |
| 20:51 | Build | Farm |
| 20:52 | Queue | Villager (Male) |
| 20:56 | Queue | Villager (Male) ×2 |
| 20:57 | Queue | Villager (Male) ×2 |
| 21:00 | Build | Farm |
| 21:15 | Build | Palisade Wall |
| 21:20 | Build | Palisade Wall |
| 21:41 | Research | Loom |
| 21:42 | Queue | Villager (Male) ×4 |
| 21:57 | Queue | Villager (Male) ×2 |
| 22:02 | Queue | Villager (Male) |
| 22:19 | Queue | Villager (Male) |
| 22:24 | Queue | Villager (Male) |
| 22:30 | Queue | Villager (Male) ×3 |
| 22:37 | Build | Farm |
| 22:37 | Build | Farm |
| 22:38 | Build | Farm |
| 22:38 | Build | Farm |
| 22:38 | Build | Farm |
| 22:38 | Build | Farm |
| 22:39 | Build | Farm |
| 22:39 | Build | Farm |
| 22:39 | Build | Farm |
| 22:39 | Build | Farm |
| 22:51 | Queue | Villager (Male) ×2 |
| 23:04 | Queue | Villager (Male) ×2 |
| 23:10 | Queue | Villager (Male) |
| 23:11 | Queue | Villager (Male) |
| 23:26 | Queue | Villager (Male) |
| 23:31 | Build | Farm |
| 23:31 | Build | Farm |
| 23:31 | Build | Farm |
| 23:31 | Build | Farm |
| 23:32 | Build | Farm |
| 23:32 | Build | Farm |
| 23:32 | Build | Farm |
| 23:32 | Build | Farm |
| 23:33 | Build | Farm |
| 23:33 | Build | Farm |
| 23:47 | Research | Wheelbarrow |
| 23:50 | Queue | Villager (Male) ×4 |
| 24:08 | Queue | Villager (Male) ×4 |
| 24:17 | Queue | Villager (Male) |
| 24:29 | Build | House |
| 24:30 | Build | House |
| 24:31 | Build | House |
| 24:32 | Build | House |
| 24:39 | Queue | Villager (Male) ×4 |
| 24:50 | Queue | Villager (Male) ×2 |
| 25:07 | Queue | Villager (Male) ×4 |
| 25:21 | Build | House |
| 25:22 | Build | House |
| 25:23 | Build | House |
| 25:23 | Build | House |
| 25:25 | Queue | Villager (Male) ×4 |
| 25:36 | Build | Monastery |
| 25:41 | Build | University |
| 25:44 | Queue | Villager (Male) ×5 |
| 26:20 | Queue | Villager (Male) |
| 26:34 | Research | Hand Cart |
| 26:38 | Queue | Villager (Male) |
| 26:38 | Queue | Villager (Male) |
Build order — VIT | Hera
First 150 of 547 actions detected
| 0:00 | Queue | Villager (Male) |
| 0:01 | Queue | Villager (Male) |
| 0:02 | Build | House |
| 0:03 | Build | House |
| 0:16 | Queue | Villager (Male) |
| 0:17 | Queue | Villager (Male) |
| 1:30 | Queue | Villager (Male) |
| 1:30 | Queue | Villager (Male) |
| 1:54 | Queue | Villager (Male) |
| 2:19 | Queue | Villager (Male) |
| 2:34 | Queue | Villager (Male) |
| 3:14 | Queue | Villager (Male) |
| 3:14 | Queue | Villager (Male) |
| 3:25 | Build | House |
| 3:26 | Build | House |
| 4:03 | Queue | Villager (Male) |
| 4:03 | Queue | Villager (Male) |
| 4:05 | Queue | Villager (Male) |
| 4:23 | Queue | Villager (Male) |
| 4:24 | Queue | Villager (Male) |
| 4:24 | Queue | Villager (Male) |
| 4:57 | Queue | Villager (Male) |
| 5:09 | Queue | Villager (Male) |
| 5:40 | Build | Mill |
| 6:44 | Queue | Villager (Male) |
| 6:44 | Queue | Villager (Male) |
| 6:44 | Queue | Villager (Male) |
| 6:45 | Queue | Villager (Male) |
| 7:23 | Build | House |
| 8:46 | Queue | Villager (Male) |
| 8:52 | Build | Mule Cart |
| 9:09 | Research | Feudal Age |
| 9:31 | Queue | Villager (Male) |
| 11:21 | Age | Feudal Age |
| 11:23 | Build | Market |
| 11:23 | Queue | Villager (Male) |
| 11:25 | Build | Blacksmith |
| 11:29 | Build | Palisade Wall |
| 11:34 | Build | Farm |
| 11:35 | Build | Farm |
| 11:36 | Build | Farm |
| 11:38 | Build | Farm |
| 11:41 | Build | Farm |
| 11:42 | Build | Farm |
| 11:51 | Research | Double-Bit Axe |
| 12:14 | Research | Castle Age |
| 12:17 | Research | Horse Collar |
| 12:42 | Build | Farm |
| 12:44 | Build | Farm |
| 13:12 | Build | Farm |
| 13:14 | Build | Farm |
| 13:26 | Build | House |
| 13:26 | Build | House |
| 14:31 | Queue | Villager (Male) |
| 14:51 | Queue | Villager (Male) |
| 14:51 | Queue | Villager (Male) |
| 14:54 | Age | Castle Age |
| 14:55 | Build | Town Center |
| 15:00 | Build | Town Center |
| 15:04 | Research | Bow Saw |
| 15:22 | Build | Farm |
| 15:47 | Build | Farm |
| 15:49 | Queue | Villager (Male) |
| 15:50 | Queue | Villager (Male) |
| 15:57 | Build | Farm |
| 16:02 | Queue | Villager (Male) |
| 16:06 | Queue | Villager (Male) |
| 16:18 | Queue | Villager (Male) |
| 16:18 | Queue | Villager (Male) |
| 16:29 | Build | Farm |
| 16:30 | Build | Farm |
| 16:33 | Queue | Villager (Male) |
| 16:34 | Queue | Villager (Male) |
| 16:35 | Build | Farm |
| 16:53 | Build | Farm |
| 16:54 | Queue | Villager (Male) |
| 17:00 | Build | Farm |
| 17:10 | Build | Farm |
| 17:12 | Queue | Villager (Male) |
| 17:14 | Build | Farm |
| 17:15 | Queue | Villager (Male) |
| 17:15 | Queue | Villager (Male) |
| 17:19 | Build | Farm |
| 17:20 | Queue | Villager (Male) |
| 17:30 | Queue | Villager (Male) |
| 17:36 | Build | Farm |
| 17:47 | Research | Wheelbarrow |
| 17:47 | Research | Wheelbarrow |
| 17:48 | Queue | Villager (Male) |
| 17:48 | Queue | Villager (Male) |
| 17:58 | Build | Monastery |
| 18:11 | Queue | Villager (Male) |
| 18:14 | Build | Farm |
| 18:16 | Build | Farm |
| 18:18 | Build | Farm |
| 18:20 | Queue | Villager (Male) |
| 18:20 | Queue | Villager (Male) |
| 18:38 | Build | House |
| 18:38 | Build | House |
| 18:39 | Build | House |
| 18:48 | Queue | Villager (Male) |
| 18:49 | Queue | Villager (Male) |
| 18:55 | Build | Town Center |
| 19:04 | Queue | Villager (Male) |
| 19:04 | Queue | Villager (Male) |
| 19:24 | Research | Hand Cart |
| 19:24 | Research | Hand Cart |
| 19:24 | Queue | Villager (Male) |
| 19:25 | Queue | Villager (Male) |
| 19:27 | Build | Farm |
| 19:29 | Build | Farm |
| 19:34 | Build | Farm |
| 19:44 | Research | Loom |
| 19:46 | Build | Farm |
| 19:47 | Queue | Villager (Male) |
| 19:47 | Queue | Villager (Male) |
| 19:47 | Queue | Villager (Male) |
| 19:54 | Queue | Villager (Male) |
| 19:58 | Build | Palisade Gate |
| 20:12 | Queue | Villager (Male) |
| 20:20 | Build | Farm |
| 20:27 | Queue | Villager (Male) |
| 20:30 | Queue | Villager (Male) |
| 20:32 | Build | Farm |
| 20:34 | Build | Farm |
| 20:35 | Build | Farm |
| 20:39 | Queue | Villager (Male) |
| 20:40 | Queue | Villager (Male) |
| 20:52 | Queue | Villager (Male) |
| 20:52 | Queue | Villager (Male) |
| 20:57 | Queue | Villager (Male) |
| 21:11 | Build | Siege Workshop |
| 21:14 | Queue | Villager (Male) |
| 21:14 | Queue | Villager (Male) |
| 21:21 | Build | Farm |
| 21:21 | Build | Farm |
| 21:22 | Build | Farm |
| 21:23 | Build | Farm |
| 21:25 | Queue | Villager (Male) |
| 21:29 | Build | Farm |
| 21:29 | Build | Farm |
| 21:29 | Build | Farm |
| 21:30 | Build | Farm |
| 21:30 | Build | Farm |
| 21:32 | Build | Farm |
| 21:33 | Build | Farm |
| 21:36 | Build | Farm |
| 21:37 | Queue | Villager (Male) |
| 21:38 | Queue | Villager (Male) |
| 21:42 | Queue | Villager (Male) |
Build order — mR_GrincH_
First 150 of 583 actions detected
| 0:03 | Queue | Villager (Male) |
| 0:03 | Queue | Villager (Male) |
| 0:03 | Queue | Villager (Male) |
| 0:03 | Queue | Villager (Male) |
| 0:03 | Queue | Villager (Male) |
| 0:20 | Build | House |
| 0:25 | Research | Loom |
| 0:25 | Research | Loom |
| 0:37 | Queue | Villager (Male) |
| 0:37 | Queue | Villager (Male) |
| 0:37 | Queue | Villager (Male) |
| 0:38 | Queue | Villager (Male) |
| 0:49 | Build | House |
| 0:53 | Build | House |
| 1:03 | Build | Lumber Camp |
| 1:37 | Queue | Villager (Male) |
| 2:11 | Queue | Villager (Male) |
| 2:42 | Queue | Villager (Male) |
| 3:24 | Queue | Villager (Male) |
| 3:25 | Queue | Villager (Male) |
| 3:25 | Queue | Villager (Male) |
| 3:52 | Build | House |
| 3:53 | Build | House |
| 4:02 | Queue | Villager (Male) |
| 4:26 | Queue | Villager (Male) |
| 4:51 | Queue | Villager (Male) |
| 5:15 | Build | Palisade Wall |
| 5:19 | Queue | Villager (Male) |
| 5:19 | Queue | Villager (Male) |
| 5:19 | Queue | Villager (Male) |
| 5:56 | Build | House |
| 6:02 | Queue | Villager (Male) |
| 6:02 | Queue | Villager (Male) |
| 6:02 | Queue | Villager (Male) |
| 6:07 | Build | Mill |
| 6:25 | Queue | Villager (Male) |
| 6:25 | Queue | Villager (Male) |
| 6:26 | Queue | Villager (Male) |
| 6:53 | Build | House |
| 7:20 | Build | Palisade Wall |
| 7:57 | Build | Palisade Wall |
| 8:02 | Queue | Villager (Male) |
| 8:06 | Build | Mining Camp |
| 8:12 | Queue | Villager (Male) |
| 8:19 | Build | Palisade Wall |
| 8:55 | Build | Farm |
| 8:56 | Queue | Villager (Male) |
| 8:57 | Queue | Villager (Male) |
| 8:57 | Queue | Villager (Male) |
| 8:57 | Queue | Villager (Male) |
| 8:57 | Queue | Villager (Male) |
| 8:58 | Queue | Villager (Male) |
| 8:58 | Queue | Villager (Male) |
| 9:17 | Build | Farm |
| 9:26 | Build | Palisade Wall |
| 9:35 | Research | Feudal Age |
| 10:11 | Build | Farm |
| 10:50 | Queue | Villager (Male) |
| 10:50 | Queue | Villager (Male) |
| 10:50 | Queue | Villager (Male) |
| 10:54 | Build | Farm |
| 11:11 | Build | Palisade Gate |
| 11:22 | Build | Farm |
| 11:23 | Build | Farm |
| 11:49 | Age | Feudal Age |
| 11:53 | Research | Double-Bit Axe |
| 12:32 | Research | Gold Mining |
| 12:34 | Queue | Villager (Male) |
| 12:35 | Queue | Villager (Male) |
| 13:13 | Build | Market |
| 13:39 | Queue | Villager (Male) |
| 14:04 | Build | Blacksmith |
| 14:13 | Queue | Villager (Male) |
| 14:34 | Build | House |
| 14:36 | Research | Castle Age |
| 14:42 | Build | Farm |
| 14:58 | Build | Lumber Camp |
| 15:08 | Build | Farm |
| 15:26 | Build | Farm |
| 15:59 | Build | Barracks |
| 16:13 | Research | Scale Barding Armor |
| 16:13 | Research | Forging |
| 16:22 | Build | Farm |
| 16:59 | Build | Stable |
| 17:04 | Build | Stable |
| 17:25 | Age | Castle Age |
| 17:28 | Queue | Villager (Male) |
| 17:29 | Queue | Villager (Male) |
| 17:29 | Queue | Villager (Male) |
| 17:30 | Research | Bow Saw |
| 17:56 | Queue | Knight |
| 17:57 | Queue | Knight |
| 17:57 | Queue | Knight |
| 18:02 | Build | Farm |
| 18:21 | Build | Farm |
| 18:32 | Build | Town Center |
| 18:34 | Queue | Villager (Male) |
| 18:38 | Queue | Knight |
| 18:39 | Queue | Knight |
| 18:56 | Queue | Villager (Male) |
| 18:59 | Build | Farm |
| 19:09 | Queue | Villager (Male) |
| 19:12 | Build | Mining Camp |
| 19:27 | Queue | Knight |
| 19:27 | Queue | Knight |
| 19:31 | Build | Farm |
| 19:33 | Queue | Villager (Male) |
| 19:34 | Build | Farm |
| 19:45 | Build | Farm |
| 19:56 | Queue | Knight |
| 19:56 | Queue | Knight |
| 19:58 | Queue | Villager (Male) |
| 20:00 | Build | House |
| 20:03 | Build | Farm |
| 20:15 | Build | Farm |
| 20:20 | Build | House |
| 20:22 | Build | House |
| 20:28 | Research | Wheelbarrow |
| 20:31 | Queue | Villager (Male) |
| 20:41 | Build | Stone Wall |
| 20:48 | Queue | Villager (Male) |
| 20:58 | Queue | Villager (Male) |
| 21:13 | Build | Town Center |
| 21:17 | Queue | Villager (Male) |
| 21:19 | Build | Farm |
| 21:24 | Build | House |
| 21:25 | Build | House |
| 21:40 | Queue | Villager (Male) |
| 21:46 | Queue | Villager (Male) |
| 21:46 | Queue | Villager (Male) |
| 22:17 | Build | Farm |
| 22:23 | Research | Stone Mining |
| 22:29 | Queue | Villager (Male) |
| 22:29 | Queue | Villager (Male) |
| 22:30 | Queue | Villager (Male) |
| 22:32 | Queue | Villager (Male) |
| 22:32 | Queue | Villager (Male) |
| 22:32 | Queue | Villager (Male) |
| 22:50 | Build | Farm |
| 22:52 | Queue | Villager (Male) |
| 23:03 | Queue | Villager (Male) |
| 23:04 | Queue | Villager (Male) |
| 23:16 | Build | Town Center |
| 23:20 | Build | Farm |
| 23:21 | Build | Farm |
| 23:22 | Build | Farm |
| 23:42 | Queue | Villager (Male) |
| 23:44 | Build | Farm |
| 23:46 | Queue | Villager (Male) |
| 23:48 | Queue | Villager (Male) |
Build order — EpicPlayer
First 150 of 298 actions detected
| 0:01 | Queue | Villager (Male) ×4 |
| 0:03 | Build | House |
| 0:05 | Build | House |
| 1:26 | Queue | Villager (Male) |
| 1:51 | Build | Lumber Camp |
| 1:55 | Queue | Villager (Male) |
| 2:31 | Queue | Villager (Male) |
| 2:31 | Queue | Villager (Male) |
| 2:57 | Queue | Villager (Male) |
| 2:57 | Queue | Villager (Male) |
| 3:06 | Queue | Villager (Male) |
| 3:32 | Build | House |
| 3:44 | Queue | Villager (Male) |
| 3:44 | Queue | Villager (Male) |
| 4:12 | Build | Mill |
| 4:18 | Queue | Villager (Male) |
| 4:18 | Queue | Villager (Male) |
| 4:41 | Queue | Villager (Male) |
| 5:38 | Queue | Villager (Male) |
| 5:38 | Queue | Villager (Male) |
| 5:39 | Queue | Villager (Male) |
| 5:39 | Queue | Villager (Male) |
| 6:05 | Queue | Villager (Male) |
| 6:05 | Queue | Villager (Male) |
| 6:17 | Build | House |
| 6:22 | Build | House |
| 7:02 | Queue | Villager (Male) |
| 8:02 | Queue | Villager (Male) ×5 |
| 8:45 | Build | Mining Camp |
| 9:20 | Queue | Villager (Male) |
| 9:22 | Research | Feudal Age |
| 9:23 | Queue | Villager (Male) |
| 9:24 | Queue | Villager (Male) |
| 11:33 | Age | Feudal Age |
| 11:35 | Build | Market |
| 11:39 | Build | Blacksmith |
| 12:31 | Build | Palisade Wall |
| 12:38 | Research | Castle Age |
| 12:40 | Queue | Villager (Male) |
| 13:54 | Build | Farm |
| 13:55 | Build | Farm |
| 13:56 | Build | Farm |
| 14:23 | Queue | Villager (Male) |
| 15:15 | Research | Double-Bit Axe |
| 15:17 | Research | Horse Collar |
| 15:18 | Age | Castle Age |
| 15:25 | Build | Town Center |
| 15:33 | Build | Town Center |
| 16:02 | Research | Wheelbarrow |
| 16:08 | Build | House |
| 16:09 | Build | House |
| 16:10 | Build | House |
| 16:11 | Build | House |
| 16:12 | Build | House |
| 16:13 | Build | House |
| 16:14 | Build | House |
| 16:15 | Build | House |
| 16:19 | Build | House |
| 16:20 | Build | House |
| 16:24 | Queue | Villager (Male) |
| 16:35 | Research | Bow Saw |
| 17:00 | Research | Heavy Plow |
| 17:03 | Queue | Villager (Male) |
| 17:03 | Queue | Villager (Male) |
| 17:07 | Build | Farm |
| 17:12 | Build | Farm |
| 17:12 | Build | Farm |
| 17:12 | Build | Farm |
| 17:12 | Build | Farm |
| 17:18 | Queue | Villager (Male) |
| 17:18 | Queue | Villager (Male) |
| 17:50 | Build | Stone Wall |
| 18:23 | Build | Stone Wall |
| 18:33 | Queue | Villager (Male) ×2 |
| 18:45 | Build | Farm |
| 18:45 | Build | Farm |
| 18:45 | Build | Farm |
| 18:48 | Queue | Villager (Male) |
| 18:51 | Queue | Villager (Male) |
| 18:51 | Queue | Villager (Male) |
| 19:04 | Build | Stone Wall |
| 19:08 | Queue | Villager (Male) |
| 19:22 | Queue | Villager (Male) |
| 19:22 | Queue | Villager (Male) |
| 19:37 | Build | Farm |
| 19:37 | Build | Farm |
| 19:39 | Queue | Villager (Male) |
| 19:51 | Build | Stone Wall |
| 20:15 | Build | Gate |
| 20:22 | Build | Stone Wall |
| 20:35 | Queue | Villager (Male) ×5 |
| 20:49 | Build | Farm |
| 20:52 | Build | Farm |
| 20:55 | Queue | Villager (Male) |
| 20:55 | Queue | Villager (Male) |
| 20:59 | Build | House |
| 21:00 | Build | House |
| 21:01 | Build | House |
| 21:02 | Build | House |
| 21:03 | Build | House |
| 21:04 | Build | House |
| 21:08 | Build | House |
| 21:09 | Build | House |
| 21:10 | Build | House |
| 21:11 | Build | House |
| 21:13 | Build | House |
| 21:14 | Build | House |
| 21:17 | Queue | Villager (Male) ×2 |
| 21:42 | Build | Gate |
| 21:49 | Build | Stone Wall |
| 21:53 | Queue | Villager (Male) ×3 |
| 22:14 | Queue | Villager (Male) |
| 22:14 | Queue | Villager (Male) |
| 22:14 | Queue | Villager (Male) |
| 22:31 | Queue | Villager (Male) |
| 22:31 | Queue | Villager (Male) |
| 22:38 | Build | Farm |
| 22:38 | Build | Farm |
| 22:39 | Build | Farm |
| 22:39 | Build | Farm |
| 22:39 | Build | Farm |
| 22:45 | Build | Farm |
| 22:51 | Build | Farm |
| 23:00 | Queue | Villager (Male) ×4 |
| 23:57 | Queue | Villager (Male) ×5 |
| 23:58 | Queue | Villager (Male) ×2 |
| 24:08 | Build | Farm |
| 24:09 | Build | Farm |
| 24:09 | Build | Farm |
| 24:09 | Build | Farm |
| 24:31 | Queue | Villager (Male) ×5 |
| 25:05 | Research | Hand Cart |
| 25:22 | Build | House |
| 25:25 | Build | House |
| 25:30 | Build | House |
| 25:33 | Build | House |
| 25:36 | Build | Farm |
| 25:36 | Build | Farm |
| 25:44 | Build | Farm |
| 25:44 | Build | Farm |
| 25:48 | Queue | Villager (Male) ×5 |
| 26:05 | Build | Castle |
| 26:11 | Build | Mining Camp |
| 26:23 | Research | Fletching |
| 26:43 | Queue | Villager (Male) ×5 |
| 27:48 | Research | Imperial Age |
| 27:54 | Queue | Villager (Male) ×5 |
| 27:59 | Queue | Villager (Male) ×5 |
| 28:07 | Build | Market |
| 28:11 | Build | Market |
Build order — Lil Bullz
First 150 of 640 actions detected
| 0:00 | Queue | Villager (Male) |
| 0:01 | Queue | Villager (Male) |
| 0:01 | Queue | Villager (Male) |
| 0:03 | Build | House |
| 0:04 | Build | House |
| 0:15 | Queue | Villager (Male) |
| 0:15 | Queue | Villager (Male) |
| 0:16 | Queue | Villager (Male) |
| 1:34 | Queue | Villager (Male) |
| 1:52 | Queue | Villager (Male) |
| 1:56 | Build | Lumber Camp |
| 2:32 | Queue | Villager (Male) |
| 2:52 | Queue | Villager (Male) |
| 3:19 | Build | House |
| 3:44 | Queue | Villager (Male) |
| 4:12 | Queue | Villager (Male) |
| 4:12 | Queue | Villager (Male) |
| 4:19 | Build | Mill |
| 4:49 | Queue | Villager (Male) |
| 5:16 | Queue | Villager (Male) |
| 5:36 | Queue | Villager (Male) |
| 6:07 | Queue | Villager (Male) |
| 6:17 | Build | House |
| 6:24 | Queue | Villager (Male) |
| 7:03 | Build | Barracks |
| 7:09 | Queue | Villager (Male) |
| 7:22 | Build | House |
| 7:23 | Build | House |
| 7:27 | Queue | Villager (Male) |
| 7:37 | Build | Palisade Wall |
| 7:42 | Build | Palisade Wall |
| 7:43 | Queue | Villager (Male) |
| 8:00 | Research | Feudal Age |
| 8:07 | Build | Farm |
| 8:54 | Queue | Villager (Male) |
| 9:05 | Build | Palisade Wall |
| 9:10 | Queue | Villager (Male) |
| 9:28 | Queue | Villager (Male) |
| 9:59 | Build | Palisade Wall |
| 10:01 | Queue | Villager (Male) |
| 10:26 | Age | Feudal Age |
| 10:30 | Build | Stable |
| 10:43 | Build | Farm |
| 10:46 | Build | Farm |
| 10:53 | Build | Farm |
| 11:31 | Build | Mining Camp |
| 11:33 | Queue | Villager (Male) |
| 11:37 | Queue | Scout Cavalry |
| 11:37 | Queue | Scout Cavalry |
| 11:52 | Build | Farm |
| 12:40 | Build | Palisade Wall |
| 12:41 | Build | Palisade Wall |
| 12:42 | Queue | Villager (Male) |
| 12:42 | Queue | Villager (Male) |
| 13:08 | Build | Mining Camp |
| 13:14 | Research | Double-Bit Axe |
| 13:18 | Queue | Villager (Male) |
| 13:25 | Build | Farm |
| 13:27 | Build | Farm |
| 13:29 | Build | Farm |
| 13:40 | Queue | Villager (Male) |
| 13:45 | Build | Farm |
| 14:21 | Build | Blacksmith |
| 14:27 | Queue | Villager (Male) |
| 14:28 | Queue | Villager (Male) |
| 14:38 | Queue | Villager (Male) |
| 14:39 | Queue | Villager (Male) |
| 14:42 | Build | Farm |
| 14:55 | Build | House |
| 14:58 | Queue | Villager (Male) |
| 14:58 | Queue | Villager (Male) |
| 15:16 | Build | Farm |
| 15:34 | Build | Palisade Wall |
| 15:56 | Research | Castle Age |
| 16:06 | Build | Stable |
| 16:12 | Build | Farm |
| 16:14 | Build | Farm |
| 16:34 | Build | Lumber Camp |
| 16:43 | Queue | Villager (Male) |
| 16:52 | Research | Bloodlines |
| 17:16 | Queue | Villager (Male) |
| 17:27 | Research | Loom |
| 17:31 | Queue | Villager (Male) |
| 17:31 | Queue | Villager (Male) |
| 17:40 | Queue | Villager (Male) |
| 17:45 | Research | Horse Collar |
| 17:47 | Research | Gold Mining |
| 17:50 | Build | Stable |
| 17:59 | Build | House |
| 18:22 | Age | Castle Age |
| 18:23 | Queue | Knight |
| 18:23 | Queue | Knight |
| 18:24 | Queue | Knight |
| 18:24 | Queue | Knight |
| 18:34 | Queue | Villager (Male) |
| 18:44 | Build | Watch Tower |
| 19:02 | Queue | Villager (Male) |
| 19:05 | Queue | Knight |
| 19:05 | Queue | Knight |
| 19:12 | Build | Farm |
| 19:26 | Build | Farm |
| 19:26 | Build | Farm |
| 19:26 | Build | Farm |
| 19:26 | Build | Farm |
| 19:30 | Build | Farm |
| 19:30 | Build | Farm |
| 19:44 | Research | Scale Barding Armor |
| 20:06 | Build | Gate |
| 20:20 | Build | Gate |
| 20:35 | Build | Stone Wall |
| 20:36 | Queue | Villager (Male) |
| 21:00 | Build | Market |
| 21:05 | Research | Wheelbarrow |
| 21:05 | Queue | Villager (Male) |
| 21:06 | Queue | Villager (Male) |
| 21:06 | Queue | Villager (Male) |
| 21:06 | Queue | Villager (Male) |
| 21:08 | Queue | Knight |
| 21:09 | Queue | Knight |
| 21:27 | Queue | Villager (Male) |
| 21:27 | Queue | Villager (Male) |
| 21:37 | Queue | Villager (Male) |
| 21:37 | Queue | Villager (Male) |
| 21:44 | Build | House |
| 21:58 | Queue | Knight |
| 21:58 | Queue | Knight |
| 21:59 | Queue | Knight |
| 21:59 | Queue | Knight |
| 22:05 | Build | House |
| 22:24 | Build | Town Center |
| 22:32 | Queue | Villager (Male) |
| 22:32 | Queue | Villager (Male) |
| 22:40 | Build | House |
| 22:42 | Queue | Villager (Male) |
| 22:47 | Queue | Knight |
| 23:01 | Build | Farm |
| 23:03 | Build | Farm |
| 23:18 | Queue | Knight |
| 23:18 | Queue | Knight |
| 23:21 | Research | Husbandry |
| 23:25 | Build | Farm |
| 23:27 | Queue | Villager (Male) |
| 23:27 | Queue | Villager (Male) |
| 23:39 | Queue | Knight |
| 23:39 | Queue | Knight |
| 23:59 | Queue | Knight |
| 23:59 | Queue | Knight |
| 24:18 | Queue | Knight |
| 24:18 | Queue | Knight |
| 24:37 | Queue | Villager (Male) |
Build order — Mousa The GREAT
First 150 of 553 actions detected
| 0:02 | Queue | Villager (Male) |
| 0:02 | Queue | Villager (Male) |
| 0:03 | Build | House |
| 0:04 | Build | House |
| 0:22 | Queue | Villager (Male) |
| 0:22 | Queue | Villager (Male) |
| 1:26 | Queue | Villager (Male) |
| 1:50 | Queue | Villager (Male) |
| 1:51 | Queue | Villager (Male) |
| 2:28 | Queue | Villager (Male) |
| 2:29 | Queue | Villager (Male) |
| 2:32 | Queue | Villager (Male) |
| 2:55 | Queue | Villager (Male) |
| 3:19 | Build | Lumber Camp |
| 3:35 | Queue | Villager (Male) |
| 3:36 | Queue | Villager (Male) |
| 3:36 | Queue | Villager (Male) |
| 3:41 | Queue | Villager (Male) |
| 4:23 | Queue | Villager (Male) |
| 4:26 | Queue | Villager (Male) |
| 4:26 | Queue | Villager (Male) |
| 4:46 | Build | House |
| 5:06 | Queue | Villager (Male) |
| 5:06 | Queue | Villager (Male) |
| 5:07 | Queue | Villager (Male) |
| 5:11 | Queue | Villager (Male) |
| 5:11 | Queue | Villager (Male) |
| 5:52 | Queue | Villager (Male) |
| 5:52 | Queue | Villager (Male) |
| 6:12 | Build | House |
| 6:13 | Build | Mill |
| 6:29 | Queue | Villager (Male) |
| 6:48 | Build | House |
| 7:04 | Queue | Villager (Male) |
| 7:05 | Queue | Villager (Male) |
| 7:28 | Build | House |
| 8:09 | Build | House |
| 8:37 | Queue | Villager (Male) |
| 8:40 | Build | Mining Camp |
| 8:49 | Research | Loom |
| 9:10 | Build | Barracks |
| 9:23 | Research | Feudal Age |
| 10:21 | Build | House |
| 11:13 | Build | House |
| 11:55 | Queue | Villager (Male) |
| 11:56 | Queue | Villager (Male) |
| 11:57 | Age | Feudal Age |
| 12:01 | Build | Stable |
| 12:02 | Build | Blacksmith |
| 13:04 | Research | Castle Age |
| 13:04 | Research | Castle Age |
| 13:16 | Research | Horse Collar |
| 13:18 | Research | Double-Bit Axe |
| 13:18 | Research | Double-Bit Axe |
| 14:22 | Queue | Villager (Male) |
| 14:23 | Queue | Villager (Male) |
| 14:28 | Build | Farm |
| 14:28 | Build | Farm |
| 14:28 | Build | Farm |
| 14:29 | Build | Farm |
| 15:09 | Build | Farm |
| 15:15 | Build | Farm |
| 15:23 | Build | Farm |
| 15:44 | Age | Castle Age |
| 15:48 | Build | Town Center |
| 15:53 | Queue | Villager (Male) |
| 16:02 | Build | Town Center |
| 16:03 | Queue | Villager (Male) |
| 16:06 | Build | Farm |
| 16:10 | Queue | Knight |
| 16:21 | Queue | Villager (Male) |
| 16:22 | Queue | Villager (Male) |
| 16:29 | Build | Farm |
| 16:36 | Queue | Villager (Male) |
| 16:37 | Queue | Villager (Male) |
| 16:42 | Build | Farm |
| 17:00 | Build | Farm |
| 17:09 | Queue | Villager (Male) |
| 17:13 | Queue | Villager (Male) |
| 17:13 | Queue | Villager (Male) |
| 17:17 | Build | Farm |
| 17:21 | Build | Farm |
| 17:21 | Queue | Villager (Male) |
| 17:34 | Build | Farm |
| 17:34 | Queue | Knight |
| 17:37 | Queue | Villager (Male) |
| 17:37 | Queue | Villager (Male) |
| 17:42 | Queue | Villager (Male) |
| 17:42 | Queue | Villager (Male) |
| 17:52 | Build | Farm |
| 17:56 | Queue | Villager (Male) |
| 17:56 | Queue | Villager (Male) |
| 17:58 | Build | Farm |
| 18:04 | Queue | Villager (Male) |
| 18:04 | Queue | Villager (Male) |
| 18:11 | Build | Farm |
| 18:13 | Queue | Villager (Male) |
| 18:14 | Queue | Villager (Male) |
| 18:21 | Build | Farm |
| 18:36 | Queue | Villager (Male) |
| 18:41 | Build | Farm |
| 18:43 | Build | Farm |
| 18:44 | Queue | Villager (Male) |
| 18:45 | Queue | Villager (Male) |
| 18:50 | Build | Farm |
| 18:51 | Queue | Villager (Male) |
| 18:52 | Queue | Villager (Male) |
| 19:06 | Queue | Villager (Male) |
| 19:13 | Queue | Villager (Male) |
| 19:13 | Queue | Villager (Male) |
| 19:16 | Build | Farm |
| 19:19 | Build | Farm |
| 19:22 | Queue | Villager (Male) |
| 19:28 | Queue | Villager (Male) |
| 19:28 | Queue | Villager (Male) |
| 19:33 | Build | Farm |
| 19:38 | Queue | Villager (Male) |
| 19:38 | Queue | Villager (Male) |
| 19:44 | Build | Farm |
| 19:46 | Queue | Villager (Male) |
| 19:47 | Queue | Villager (Male) |
| 19:54 | Queue | Villager (Male) |
| 19:54 | Queue | Villager (Male) |
| 19:58 | Build | Farm |
| 20:01 | Queue | Villager (Male) |
| 20:07 | Build | Farm |
| 20:18 | Build | Farm |
| 20:21 | Queue | Villager (Male) |
| 20:21 | Queue | Villager (Male) |
| 20:21 | Queue | Villager (Male) |
| 20:22 | Queue | Villager (Male) |
| 20:33 | Build | Farm |
| 20:34 | Queue | Villager (Male) |
| 20:35 | Queue | Villager (Male) |
| 20:35 | Queue | Villager (Male) |
| 20:41 | Queue | Villager (Male) |
| 20:41 | Queue | Villager (Male) |
| 20:45 | Build | Farm |
| 20:51 | Queue | Villager (Male) |
| 20:51 | Queue | Villager (Male) |
| 20:59 | Build | Farm |
| 21:04 | Build | House |
| 21:05 | Build | House |
| 21:06 | Queue | Villager (Male) |
| 21:07 | Queue | Villager (Male) |
| 21:09 | Queue | Villager (Male) |
| 21:14 | Build | House |
| 21:23 | Build | House |
| 21:23 | Build | House |
| 21:30 | Queue | Knight |
Build order — Lord Snow
First 150 of 447 actions detected
| 0:01 | Queue | Villager (Male) |
| 0:01 | Queue | Villager (Male) |
| 0:01 | Queue | Villager (Male) |
| 0:02 | Queue | Villager (Male) |
| 0:02 | Queue | Villager (Male) |
| 0:04 | Build | House |
| 0:06 | Build | House |
| 1:17 | Queue | Villager (Male) |
| 1:17 | Queue | Villager (Male) |
| 1:53 | Build | Lumber Camp |
| 2:08 | Queue | Villager (Male) |
| 2:08 | Queue | Villager (Male) |
| 2:23 | Queue | Villager (Male) |
| 3:01 | Queue | Villager (Male) |
| 3:10 | Research | Double-Bit Axe |
| 3:39 | Queue | Villager (Male) |
| 3:39 | Queue | Villager (Male) |
| 3:58 | Build | House |
| 4:02 | Queue | Villager (Male) |
| 4:03 | Queue | Villager (Male) |
| 4:24 | Queue | Villager (Male) |
| 4:55 | Queue | Villager (Male) |
| 5:01 | Build | House |
| 5:12 | Queue | Villager (Male) |
| 5:12 | Queue | Villager (Male) |
| 5:42 | Queue | Villager (Male) |
| 6:08 | Build | Mill |
| 6:10 | Queue | Villager (Male) |
| 6:10 | Queue | Villager (Male) |
| 6:30 | Queue | Villager (Male) |
| 7:09 | Queue | Villager (Male) |
| 7:34 | Build | House |
| 7:37 | Build | Palisade Wall |
| 7:39 | Build | Palisade Wall |
| 7:44 | Build | Palisade Wall |
| 7:45 | Queue | Villager (Male) |
| 7:46 | Queue | Villager (Male) |
| 8:18 | Queue | Villager (Male) |
| 8:29 | Build | House |
| 8:34 | Build | Palisade Wall |
| 8:44 | Queue | Villager (Male) |
| 9:02 | Queue | Villager (Male) |
| 9:03 | Research | Loom |
| 9:03 | Research | Feudal Age |
| 9:31 | Build | Mining Camp |
| 10:34 | Build | House |
| 10:53 | Queue | Villager (Male) |
| 10:53 | Queue | Villager (Male) |
| 11:41 | Build | Lumber Camp |
| 11:49 | Build | Farm |
| 11:57 | Build | Farm |
| 12:15 | Queue | Villager (Male) |
| 12:30 | Age | Feudal Age |
| 12:33 | Build | Market |
| 12:44 | Build | Blacksmith |
| 13:06 | Research | Bow Saw |
| 13:20 | Research | Castle Age |
| 13:46 | Research | Horse Collar |
| 13:54 | Build | Farm |
| 14:08 | Build | Farm |
| 14:13 | Research | Heavy Plow |
| 14:37 | Build | Farm |
| 15:51 | Queue | Villager (Male) |
| 15:52 | Queue | Villager (Male) |
| 16:00 | Age | Castle Age |
| 16:03 | Build | Town Center |
| 16:07 | Research | Two-Man Saw |
| 16:14 | Build | Farm |
| 16:17 | Build | Farm |
| 16:23 | Build | Farm |
| 16:27 | Build | Farm |
| 16:28 | Queue | Villager (Male) |
| 16:38 | Build | Farm |
| 16:49 | Queue | Villager (Male) |
| 17:14 | Queue | Villager (Male) ×3 |
| 17:22 | Build | Farm |
| 17:27 | Build | Farm |
| 17:29 | Build | Farm |
| 17:32 | Build | Farm |
| 17:34 | Build | Farm |
| 17:37 | Build | Farm |
| 17:40 | Build | Farm |
| 17:41 | Build | Farm |
| 17:43 | Queue | Villager (Male) ×2 |
| 17:48 | Build | Farm |
| 17:51 | Build | Farm |
| 18:07 | Queue | Villager (Male) ×2 |
| 18:27 | Build | Town Center |
| 18:34 | Queue | Villager (Male) ×2 |
| 18:53 | Queue | Villager (Male) ×3 |
| 19:04 | Research | Stone Mining |
| 19:09 | Build | House |
| 19:11 | Build | House |
| 19:11 | Build | House |
| 19:11 | Build | House |
| 19:11 | Build | House |
| 19:12 | Build | House |
| 19:12 | Build | House |
| 19:23 | Queue | Villager (Male) |
| 19:30 | Build | Farm |
| 19:32 | Queue | Villager (Male) ×2 |
| 19:38 | Build | Farm |
| 19:47 | Queue | Villager (Male) ×2 |
| 20:15 | Queue | Villager (Male) ×4 |
| 20:23 | Build | Town Center |
| 20:47 | Research | Wheelbarrow |
| 20:50 | Build | Farm |
| 20:54 | Build | Farm |
| 20:57 | Build | Farm |
| 21:00 | Build | Farm |
| 21:07 | Build | Farm |
| 21:08 | Queue | Villager (Male) ×4 |
| 21:25 | Build | Farm |
| 21:31 | Build | House |
| 21:33 | Build | Farm |
| 21:57 | Queue | Villager (Male) ×5 |
| 22:18 | Research | Hand Cart |
| 22:24 | Queue | Villager (Male) ×3 |
| 22:32 | Build | House |
| 22:34 | Build | House |
| 22:34 | Build | House |
| 22:34 | Build | House |
| 22:35 | Build | House |
| 22:35 | Build | House |
| 22:46 | Research | Gold Mining |
| 22:47 | Research | Stone Shaft Mining |
| 22:51 | Build | Farm |
| 22:53 | Queue | Villager (Male) ×4 |
| 22:58 | Build | Farm |
| 23:01 | Build | Farm |
| 23:03 | Build | Farm |
| 23:06 | Build | Farm |
| 23:09 | Build | Farm |
| 23:20 | Queue | Villager (Male) ×5 |
| 23:31 | Build | Farm |
| 23:43 | Queue | Villager (Male) ×3 |
| 24:00 | Build | Castle |
| 24:04 | Queue | Villager (Male) ×3 |
| 24:10 | Build | Mining Camp |
| 24:15 | Research | Crop Rotation |
| 24:26 | Queue | Villager (Male) ×5 |
| 24:32 | Build | House |
| 24:32 | Build | House |
| 24:32 | Build | House |
| 24:33 | Build | House |
| 24:33 | Build | House |
| 24:44 | Research | Gold Shaft Mining |
| 24:56 | Queue | Villager (Male) ×5 |
| 25:19 | Queue | Villager (Male) ×5 |
| 25:26 | Build | Farm |
Build order — Don3z
First 150 of 532 actions detected
| 0:02 | Queue | Villager (Male) |
| 0:02 | Queue | Villager (Male) |
| 0:02 | Queue | Villager (Male) |
| 0:04 | Build | House |
| 0:05 | Build | House |
| 0:10 | Queue | Villager (Male) |
| 0:10 | Queue | Villager (Male) |
| 1:24 | Queue | Villager (Male) |
| 1:25 | Queue | Villager (Male) |
| 1:50 | Queue | Villager (Male) |
| 1:50 | Queue | Villager (Male) |
| 1:50 | Queue | Villager (Male) |
| 2:33 | Build | Lumber Camp |
| 2:37 | Queue | Villager (Male) |
| 2:38 | Queue | Villager (Male) |
| 2:38 | Queue | Villager (Male) |
| 2:58 | Queue | Villager (Male) |
| 2:58 | Queue | Villager (Male) |
| 3:29 | Queue | Villager (Male) |
| 4:00 | Build | House |
| 4:01 | Build | House |
| 4:12 | Queue | Villager (Male) |
| 4:12 | Queue | Villager (Male) |
| 4:13 | Queue | Villager (Male) |
| 4:13 | Queue | Villager (Male) |
| 4:57 | Build | Mill |
| 5:08 | Queue | Villager (Male) |
| 5:09 | Queue | Villager (Male) |
| 5:09 | Queue | Villager (Male) |
| 5:09 | Queue | Villager (Male) |
| 5:59 | Queue | Villager (Male) |
| 5:59 | Queue | Villager (Male) |
| 5:59 | Queue | Villager (Male) |
| 5:59 | Queue | Villager (Male) |
| 5:59 | Queue | Villager (Male) |
| 6:26 | Queue | Villager (Male) |
| 6:26 | Queue | Villager (Male) |
| 6:27 | Queue | Villager (Male) |
| 6:34 | Queue | Villager (Male) |
| 6:35 | Queue | Villager (Male) |
| 6:48 | Build | Barracks |
| 7:04 | Research | Loom |
| 7:46 | Build | Mining Camp |
| 8:05 | Build | House |
| 8:17 | Queue | Villager (Male) |
| 8:35 | Research | Feudal Age |
| 8:36 | Research | Feudal Age |
| 8:41 | Build | Palisade Gate |
| 8:48 | Build | Palisade Wall |
| 8:55 | Build | Palisade Wall |
| 9:32 | Build | Palisade Wall |
| 9:36 | Build | House |
| 10:02 | Build | Palisade Gate |
| 10:22 | Build | Palisade Gate |
| 10:45 | Age | Feudal Age |
| 11:00 | Build | Archery Range |
| 11:02 | Queue | Villager (Male) |
| 11:06 | Queue | Villager (Male) |
| 11:33 | Build | Lumber Camp |
| 11:42 | Build | House |
| 11:46 | Build | Palisade Wall |
| 11:53 | Queue | Villager (Male) |
| 11:53 | Queue | Villager (Male) |
| 12:26 | Queue | Spearman |
| 12:27 | Queue | Spearman |
| 12:41 | Queue | Villager (Male) |
| 12:44 | Queue | Archer |
| 12:45 | Queue | Archer |
| 12:46 | Queue | Spearman |
| 12:52 | Queue | Villager (Male) |
| 13:04 | Build | Blacksmith |
| 13:07 | Queue | Villager (Male) |
| 13:09 | Queue | Archer |
| 13:24 | Queue | Villager (Male) |
| 13:30 | Build | Archery Range |
| 13:39 | Queue | Villager (Male) |
| 13:58 | Research | Fletching |
| 13:59 | Research | Fletching |
| 14:04 | Build | Farm |
| 14:10 | Queue | Villager (Male) |
| 14:28 | Build | House |
| 14:39 | Queue | Villager (Male) |
| 14:41 | Build | Farm |
| 14:44 | Build | Farm |
| 14:45 | Build | Farm |
| 14:51 | Build | House |
| 15:14 | Queue | Archer |
| 15:15 | Queue | Archer |
| 15:15 | Queue | Archer |
| 15:15 | Queue | Archer |
| 15:15 | Queue | Archer |
| 15:16 | Queue | Archer |
| 15:16 | Queue | Archer |
| 15:16 | Queue | Archer |
| 15:16 | Queue | Archer |
| 15:17 | Queue | Archer |
| 15:17 | Queue | Archer |
| 15:22 | Queue | Villager (Male) |
| 15:47 | Queue | Villager (Male) |
| 15:59 | Build | Farm |
| 16:00 | Build | Farm |
| 16:06 | Build | Farm |
| 16:09 | Queue | Villager (Male) |
| 16:22 | Build | House |
| 16:39 | Build | Farm |
| 17:00 | Queue | Villager (Male) |
| 17:27 | Queue | Archer |
| 17:27 | Queue | Archer |
| 17:27 | Queue | Archer |
| 17:28 | Queue | Villager (Male) |
| 17:37 | Build | House |
| 17:43 | Build | Farm |
| 17:44 | Build | Farm |
| 17:55 | Build | Farm |
| 17:57 | Queue | Archer |
| 17:57 | Queue | Archer |
| 18:10 | Queue | Villager (Male) |
| 18:11 | Queue | Villager (Male) |
| 18:12 | Queue | Archer |
| 18:12 | Queue | Archer |
| 18:18 | Build | Farm |
| 18:21 | Queue | Archer |
| 18:21 | Queue | Archer |
| 18:49 | Queue | Villager (Male) |
| 18:53 | Build | House |
| 18:55 | Queue | Villager (Male) |
| 19:04 | Build | Farm |
| 19:10 | Queue | Villager (Male) |
| 19:13 | Build | Farm |
| 19:15 | Queue | Villager (Male) |
| 19:18 | Build | Farm |
| 19:23 | Build | House |
| 19:28 | Queue | Archer |
| 19:29 | Queue | Archer |
| 19:32 | Build | Archery Range |
| 20:28 | Queue | Villager (Male) |
| 20:32 | Build | Farm |
| 20:35 | Queue | Archer |
| 20:35 | Queue | Archer |
| 20:35 | Queue | Archer |
| 20:36 | Queue | Archer |
| 20:36 | Queue | Archer |
| 20:37 | Queue | Villager (Male) |
| 20:39 | Build | House |
| 21:08 | Queue | Villager (Male) |
| 21:10 | Build | House |
| 21:10 | Build | House |
| 21:16 | Build | House |
| 22:07 | Queue | Villager (Male) |
| 22:10 | Build | Farm |
Match timeline
| 5:15 | mR_GrincH_ · wall_segment Palisade Wall x7 |
| 6:48 | Don3z · first_building Barracks |
| 7:03 | Lil Bullz · first_building Barracks |
| 7:20 | mR_GrincH_ · wall_segment Palisade Wall x4 |
| 7:37 | Lord Snow · wall_segment Palisade Wall x1 |
| 7:37 | Lil Bullz · wall_segment Palisade Wall x8 |
| 7:39 | Lord Snow · wall_segment Palisade Wall x4 |
| 7:42 | Lil Bullz · wall_segment Palisade Wall x6 |
| 7:44 | Lord Snow · wall_segment Palisade Wall x7 |
| 7:57 | mR_GrincH_ · wall_segment Palisade Wall x20 |
| 8:19 | mR_GrincH_ · wall_segment Palisade Wall x1 |
| 8:34 | Lord Snow · wall_segment Palisade Wall x15 |
| 8:48 | Don3z · wall_segment Palisade Wall x18 |
| 8:55 | Don3z · wall_segment Palisade Wall x30 |
| 9:05 | Lil Bullz · wall_segment Palisade Wall x18 |
| 9:10 | Mousa The GREAT · first_building Barracks |
| 9:26 | mR_GrincH_ · wall_segment Palisade Wall x9 |
| 9:32 | Don3z · wall_segment Palisade Wall x26 |
| 9:59 | Lil Bullz · wall_segment Palisade Wall x3 |
| 10:26 | Lil Bullz · age_up feudal |
| 10:30 | Lil Bullz · first_building Stable |
| 10:45 | Don3z · age_up feudal |
| 10:54 | Ali sanfur · wall_segment Palisade Wall x32 |
| 11:00 | Don3z · first_building Archery Range |
| 11:21 | VIT | Hera · age_up feudal |
| 11:29 | VIT | Hera · wall_segment Palisade Wall x8 |
| 11:33 | EpicPlayer · age_up feudal |
| 11:46 | Don3z · wall_segment Palisade Wall x1 |
| 11:49 | mR_GrincH_ · age_up feudal |
| 11:57 | Mousa The GREAT · age_up feudal |
| 12:01 | Mousa The GREAT · first_building Stable |
| 12:12 | VIT | Hera · first_market_sell 100 stone |
| 12:30 | Lord Snow · age_up feudal |
| 12:31 | EpicPlayer · wall_segment Palisade Wall x9 |
| 12:40 | Lil Bullz · wall_segment Palisade Wall x6 |
| 12:41 | Lil Bullz · wall_segment Palisade Wall x2 |
| 12:47 | Ali sanfur · age_up feudal |
| 13:17 | Lord Snow · first_market_sell 100 stone |
| 14:54 | VIT | Hera · age_up castle |
| 15:18 | EpicPlayer · age_up castle |
| 15:34 | Lil Bullz · wall_segment Palisade Wall x1 |
| 15:44 | Mousa The GREAT · age_up castle |
| 15:59 | mR_GrincH_ · first_building Barracks |
| 16:00 | Lord Snow · age_up castle |
| 16:52 | EpicPlayer · first_market_buy 100 food |
| 16:59 | mR_GrincH_ · first_building Stable |
| 17:00 | Ali sanfur · age_up castle |
| 17:25 | mR_GrincH_ · age_up castle |
| 17:34 | Ali sanfur · first_market_buy 100 stone |
| 17:50 | EpicPlayer · wall_segment Stone Wall x16 |
| 17:58 | VIT | Hera · first_building Monastery |
| 18:22 | Lil Bullz · age_up castle |
| 18:23 | EpicPlayer · wall_segment Stone Wall x16 |
| 19:04 | EpicPlayer · wall_segment Stone Wall x16 |
| 19:51 | EpicPlayer · wall_segment Stone Wall x10 |
| 19:54 | mR_GrincH_ · first_market_buy 100 food |
| 20:22 | EpicPlayer · wall_segment Stone Wall x2 |
| 20:35 | Lil Bullz · wall_segment Stone Wall x16 |
| 20:41 | mR_GrincH_ · wall_segment Stone Wall x9 |
| 21:11 | VIT | Hera · first_building Siege Workshop |
| 21:15 | Ali sanfur · wall_segment Palisade Wall x1 |
| 21:20 | Ali sanfur · wall_segment Palisade Wall x1 |
| 21:49 | EpicPlayer · wall_segment Stone Wall x5 |
| 22:13 | Lil Bullz · first_market_sell 100 wood |
| 22:15 | Lil Bullz · first_market_buy 100 stone |
| 23:44 | Ali sanfur · first_market_sell 100 wood |
| 24:00 | Lord Snow · first_building Castle |
| 24:28 | Don3z · wall_segment Palisade Wall x8 |
| 24:52 | Lil Bullz · wall_segment Stone Wall x13 |
| 25:05 | Don3z · age_up castle |
| 25:18 | VIT | Hera · first_building Castle |
| 25:33 | Lord Snow · first_market_buy 100 wood |
| 25:36 | Ali sanfur · first_building Monastery |
| 26:05 | EpicPlayer · first_building Castle |
| 26:17 | mR_GrincH_ · first_building Monastery |
| 26:48 | Lord Snow · first_building Monastery |
| 26:53 | EpicPlayer · first_market_sell 500 wood |
| 27:06 | Ali sanfur · first_building Barracks |
| 28:01 | Ali sanfur · first_building Stable |
| 28:37 | Lil Bullz · wall_segment Stone Wall x24 |
| 28:50 | Lil Bullz · wall_segment Stone Wall x17 |
| 28:54 | Lil Bullz · wall_segment Stone Wall x19 |
| 29:01 | Lil Bullz · wall_segment Palisade Wall x1 |
| 29:04 | Lil Bullz · wall_segment Palisade Wall x1 |
| 29:17 | VIT | Hera · wall_segment Stone Wall x7 |
| 29:25 | VIT | Hera · wall_segment Stone Wall x8 |
| 29:26 | VIT | Hera · wall_segment Stone Wall x6 |
| 29:31 | Ali sanfur · first_building Castle |
| 29:32 | EpicPlayer · first_building Barracks |
| 29:38 | VIT | Hera · age_up imperial |
| 29:54 | mR_GrincH_ · wall_segment Stone Wall x10 |
| 29:59 | VIT | Hera · first_building Barracks |
| 30:02 | mR_GrincH_ · wall_segment Stone Wall x27 |
| 30:06 | Ali sanfur · age_up imperial |
| 30:26 | EpicPlayer · first_building Archery Range |
| 30:41 | VIT | Hera · wall_segment Stone Wall x7 |
| 30:44 | VIT | Hera · wall_segment Stone Wall x31 |
| 30:58 | EpicPlayer · age_up imperial |
| 31:06 | Mousa The GREAT · first_market_sell 100 food |
| 31:20 | mR_GrincH_ · first_building Castle |
| 31:23 | Mousa The GREAT · first_building Monastery |
| 31:55 | VIT | Hera · first_market_buy 500 stone |
| 32:12 | mR_GrincH_ · age_up imperial |
| 32:24 | Mousa The GREAT · first_building Castle |
| 32:47 | mR_GrincH_ · first_building Siege Workshop |
| 34:01 | VIT | Hera · wall_segment Stone Wall x1 |
| 34:02 | Mousa The GREAT · first_market_buy 100 wood |
| 34:02 | VIT | Hera · wall_segment Stone Wall x1 |
| 34:04 | VIT | Hera · wall_segment Stone Wall x1 |
| 34:05 | VIT | Hera · wall_segment Stone Wall x1 |
| 34:19 | Lord Snow · age_up imperial |
| 35:11 | Lil Bullz · first_building Castle |
| 35:28 | mR_GrincH_ · first_market_sell 100 wood |
| 35:39 | Mousa The GREAT · age_up imperial |
| 36:27 | Don3z · first_building Monastery |
| 37:04 | Lil Bullz · wall_segment Stone Wall x1 |
| 40:39 | Don3z · age_up imperial |
| 42:08 | Lord Snow · tribute_sent a jugador 1 |
| 42:08 | Lord Snow · tribute_sent a jugador 2 |
| 42:08 | Lord Snow · tribute_sent a jugador 3 |
| 42:08 | Lord Snow · tribute_sent a jugador 4 |
| 42:08 | Lord Snow · tribute_sent a jugador 5 |
| 42:08 | Lord Snow · tribute_sent a jugador 6 |
| 42:08 | Lord Snow · tribute_sent a jugador 8 |
| 42:34 | Lil Bullz · tribute_sent a jugador 1 |
| 42:34 | Lil Bullz · tribute_sent a jugador 2 |
| 42:34 | Lil Bullz · tribute_sent a jugador 3 |
| 42:34 | Lil Bullz · tribute_sent a jugador 4 |
| 42:34 | Lil Bullz · tribute_sent a jugador 6 |
| 42:34 | Lil Bullz · tribute_sent a jugador 7 |
| 42:34 | Lil Bullz · tribute_sent a jugador 8 |
| 42:35 | VIT | Hera · wall_segment Stone Wall x1 |
| 42:59 | Don3z · wall_segment Stone Wall x7 |
| 43:26 | mR_GrincH_ · wall_segment Stone Wall x32 |
| 43:51 | Don3z · first_building Castle |
| 43:53 | Lord Snow · first_building Barracks |
| 44:22 | Don3z · wall_segment Stone Wall x18 |
| 44:43 | VIT | Hera · tribute_sent a jugador 2 |
| 44:43 | VIT | Hera · tribute_sent a jugador 3 |
| 44:43 | VIT | Hera · tribute_sent a jugador 4 |
| 44:43 | VIT | Hera · tribute_sent a jugador 5 |
| 44:43 | VIT | Hera · tribute_sent a jugador 6 |
| 44:43 | VIT | Hera · tribute_sent a jugador 7 |
| 44:43 | VIT | Hera · tribute_sent a jugador 8 |
| 45:00 | Don3z · wall_segment Stone Wall x15 |
| 45:15 | Lil Bullz · age_up imperial |
| 45:44 | mR_GrincH_ · wall_segment Stone Wall x20 |
| 47:04 | Don3z · first_building Stable |
| 47:27 | Don3z · wall_segment Stone Wall x7 |
| 47:28 | Don3z · wall_segment Stone Wall x9 |
| 47:40 | Lord Snow · first_building Stable |
| 48:39 | Don3z · wall_segment Stone Wall x4 |
| 48:40 | Don3z · wall_segment Stone Wall x1 |
| 49:44 | Don3z · wall_segment Stone Wall x14 |
| 50:00 | Lil Bullz · first_building Monastery |
| 51:22 | Lil Bullz · wall_segment Stone Wall x16 |
| 51:55 | Ali sanfur · first_building Archery Range |
| 52:16 | Don3z · tribute_sent a jugador 1 |
| 52:16 | Don3z · tribute_sent a jugador 2 |
| 52:16 | Don3z · tribute_sent a jugador 3 |
| 52:16 | Don3z · tribute_sent a jugador 4 |
| 52:16 | Don3z · tribute_sent a jugador 5 |
| 52:16 | Don3z · tribute_sent a jugador 6 |
| 52:16 | Don3z · tribute_sent a jugador 7 |
| 52:47 | VIT | Hera · wall_segment Stone Wall x2 |
| 52:58 | Lord Snow · tribute_sent a jugador 1 |
| 52:58 | Lord Snow · tribute_sent a jugador 2 |
| 52:58 | Lord Snow · tribute_sent a jugador 3 |
| 52:58 | Lord Snow · tribute_sent a jugador 4 |
| 52:58 | Lord Snow · tribute_sent a jugador 5 |
| 52:58 | Lord Snow · tribute_sent a jugador 6 |
| 52:58 | Lord Snow · tribute_sent a jugador 8 |
| 53:13 | Lil Bullz · tribute_sent a jugador 1 |
| 53:13 | Lil Bullz · tribute_sent a jugador 2 |
| 53:13 | Lil Bullz · tribute_sent a jugador 3 |
| 53:13 | Lil Bullz · tribute_sent a jugador 4 |
| 53:13 | Lil Bullz · tribute_sent a jugador 6 |
| 53:13 | Lil Bullz · tribute_sent a jugador 7 |
| 53:13 | Lil Bullz · tribute_sent a jugador 8 |
| 54:16 | Mousa The GREAT · first_building Archery Range |
| 56:33 | mR_GrincH_ · resign |
[ AI ANALYSIS · 1 CREDIT ]
What really happened in this match?
Wolo.gg analyzes every decision: build order, eco, micro, common mistakes by bracket. Personalized analysis on WhatsApp or Discord in 30 seconds.
Civ guide
Saracens
Perfil
Jugador #23263949